 Dungeon Crawl Stone Soup version 0.28.0-53-g5a82cb258f (webtiles) character file.

Game seed: 16222294487109891137

137 yokelz the Insei (level 5, 0/37 HPs)
             Began as a Barachi Transmuter on Aug 6, 2022.
             Splashed by a jelly's acid (10 damage)
             ... on level 4 of the Dungeon.
             The game lasted 00:05:29 (2976 turns).

yokelz the Insei (Barachi Transmuter)               Turns: 2976, Time: 00:05:30

Health: 0/37       AC: -6    Str: 12    XL:     5   Next: 20%
Magic:  8/8        EV: 12    Int: 15    God:
Gold:   107        SH:  0    Dex: 19    Spells: 4/8 levels left

rFire   . . .      SeeInvis .   e - +4 spear of Urhok {drain, Fragile rPois Dex+7 Stlth+}
rCold   . . .      Faith    .   (no shield)
rNeg    . . .      Spirit   .   a - +0 robe
rPois   +          Reflect  .   (no helmet)
rElec   .          Harm     .   (no cloak)
rCorr   .          Rampage  .   (no gloves)
Will    .....                   (no boots)
Stlth   +++.......              g - amulet of magic regeneration
HPRegen 0.12/turn               (no ring)
MPRegen 0.51/turn               (no ring)

@: corroded, slow
A: amphibious, slowness 1, strong legs 1, +LOS
a: Hop


You were on level 4 of the Dungeon.
You visited 1 branch of the dungeon, and saw 4 of its levels.

You collected 107 gold pieces.

Inventory:

Hand Weapons
 e - the +4 spear of Urhok (weapon) {drain, Fragile rPois Dex+7 Stlth+}
   (You found it on level 2 of the Dungeon)

   A truly terrible weapon, it drains the life of any living foe it strikes.
   Dex:       It affects your dexterity (+7).
   rPois:     It protects you from poison.
   Fragile:   It will be destroyed if unequipped.
   Stlth:     It makes you more stealthy.
Armour
 a - a +0 robe (worn)
 k - a +0 leather armour
Jewellery
 g - an amulet of magic regeneration (around neck)
Scrolls
 b - a scroll of enchant weapon {unknown}
 c - a scroll of identify {unknown}
 i - a scroll of teleportation {unknown}
 j - a scroll of magic mapping {unknown}
 l - a scroll of holy word {unknown}
Potions
 d - 2 potions of curing {unknown}
 f - a potion of invisibility {unknown}
 h - a potion of berserk rage {unknown}


   Skills:
 - Level 1.2 Fighting
 - Level 2.1 Dodging
 + Level 5.0 Unarmed Combat
 - Level 2.1 Spellcasting
 + Level 4.3 Transmutations


You had 4 spell levels left.
You knew the following spells:

 Your Spells              Type           Power      Damage    Failure   Level
a - Beastly Appendage     Tmut           28%        N/A       3%          1
b - Spider Form           Tmut/Pois      8%         N/A       26%         3

Your spell library contained the following spells:

 Spells                   Type           Power      Damage    Failure   Level
 Wereblood                Tmut           14%        N/A       5%          2
 Call Canine Familiar     Summ           1%         N/A       54%         3
 Portal Projectile        Hex/Tloc       2%         N/A       54%         3
 Ice Form                 Ice/Tmut       8%         N/A       65%         4
 Leda's Liquefaction      Hex/Erth       0%         N/A       91%         4


Dungeon Overview and Level Annotations

Branches:
Dungeon (4/15)
 Temple: D:4-7

Altars:

Annotations:
D:2 1 runed translucent door, Crazy Yiuf
D:3 exclusion: downstairs


Innate Abilities, Weirdness & Mutations

You are amphibious.
You cover ground slowly.
You can hop short distances.
You have an extended range of vision and can be seen from far away.


Message History

You are confused.
The quokka barely misses you.
A jelly comes into view.
The orc wizard mumbles some strange words.
The orc wizard flickers and vanishes!
Deactivating autopickup; reactivate with Ctrl-A.
The quokka barely misses you. The quokka bites you.
The quokka twitches its whiskers.
Something hits you. The quokka bites you.
You bump into the rock wall.
You feel less confused. Something hits you but does no damage.
The quokka closely misses you.
A magic dart appears from out of thin air!
The magic dart hits you. The quokka barely misses you.
There is an open door here.
You see here a giant cockroach corpse.
You hit the quokka.
The quokka is severely wounded.
The quokka misses you.
You barely miss the quokka.
The quokka is severely wounded.
The quokka bites you.
The quokka bites you but does no damage.
You hit the quokka.
You kill the quokka!
You puncture something!
Reactivating autopickup.
You feel a bit more experienced.
Your Unarmed Combat skill increases to level 5!
You have reached level 5!
You barely miss the jelly. The jelly hits you. The acid corrodes you!
You are splashed with acid!
You hit the jelly. You drain the jelly.
Your hands burn!
* * * LOW HITPOINT WARNING * * *
The jelly is heavily wounded.
The jelly hits you.
* * * LOW HITPOINT WARNING * * *
The acid corrodes you!
You are splashed with acid!
You die...

#.......'.#<# #.........
#######......#######..o......
#.....'......'..........###.#
##.####......##########.### #
#.# ##'##...... ...# # #.#
#.##.###########'#.#.# #.#
###'##+#### #..........### #.#
#.........###............. #.#
#..........@J............. #.#
#.........###.............
#.###.......).#...........###.
#.............#...........#
#####.........#...######'##
#.........##### .# #.........#
.# #.>.......# # ###########


You could see a jelly (drained).

Vanquished Creatures
  An orc wizard (D:4)
  3 adders
  2 worms (D:2)
  3 dart slugs
  2 orcs (D:4)
  8 bats
  6 endoplasms
  3 giant cockroaches
  2 goblins (D:3)
  8 hobgoblins
  10 jackals
  3 quokkas
  3 ball pythons
  7 kobolds
  6 rats
67 creatures vanquished.

Notes
Turn   | Place    | Note
-------+----------+-------------------------------------------
     0 | D:1      | yokelz the Barachi Transmuter began the quest for the Orb.
     0 | D:1      | Reached XP level 1. HP: 15/15 MP: 3/3
    94 | D:1      | Reached XP level 2. HP: 21/21 MP: 5/5
   568 | D:1      | Reached XP level 3. HP: 23/26 MP: 4/6
   572 | D:1      | Learned a level 3 spell: Spider Form
   647 | D:1      | Reached skill level 4 in Unarmed Combat
  1354 | D:2      | Identified the +4 spear of Urhok {drain, Fragile rPois
                  | Dex+7 Stlth+}
  1549 | D:2      | Reached XP level 4. HP: 32/32 MP: 7/7
  1578 | D:2      | Found a runed translucent door.
  1579 | D:2      | Noticed Crazy Yiuf
  2671 | D:3      | Found a faded altar of an unknown god.
  2794 | D:4      | Noticed a phantom
  2975 | D:4      | Reached skill level 5 in Unarmed Combat
  2975 | D:4      | Reached XP level 5. HP: 24/37 MP: 8/8
  2976 | D:4      | Splashed by a jelly's acid

Illustrated notes

Levels and vault maps discovered:
D:1:      nzn_arrival_settlement, layout_basic
D:2:      layout_rooms, serial_glass, glass_columns_c, glass_columns_a,
          glass_columns_c, glass_columns_c, glass_columns_c,
          uniq_crazy_yiuf_cottage
D:3:      layout_loops_ring, basic_ecumenical_altar
D:4:      layout_basic, st_stairs_10, uniq_ijyb, uniq_robin, uniq_pikel

Skill      XL: |  1  2  3  4 |
---------------+-------------+-----
Transmutations | 3 4 |  4.3
Unarmed Combat | 4 5 |  5.0
Fighting       | |  1.2
Dodging        | |  2.1
Spellcasting   | |  2.1

Action                   |  1- 3 |  4- 6 || total
-------------------------+-------+-------++-------
Melee: Unarmed           |    90 |       ||    90
       Kick              |    11 |     1 ||    12
       Headbutt          |     7 |     1 ||     8
       Spear             |    23 |    55 ||    78
       Punch             |     3 |     1 ||     4
 Cast: Beastly Appendage |    14 |     4 ||    18
 Stab: Sleeping          |     4 |     5 ||     9
Armor: Robe              |    25 |     9 ||    34
Dodge: Dodged            |    75 |    36 ||   111
